 Dungeon Crawl Stone Soup version 0.28-a0-406-g4bac719ec2 (webtiles) character file.

Game seed: 6866908269265490772

2448 MacCMillion the Cleaver (level 9, -2/73 HPs)
             Began as a Formicid Fighter on Sept 5, 2021.
             Was a Follower of Makhleb.
             Shot with a sling bullet by Joseph (6 damage)
             ... on level 7 of the Dungeon.
             The game lasted 00:20:32 (6813 turns).

MacCMillion the Cleaver (Formicid Fighter)          Turns: 6813, Time: 00:20:33

Health: -2/73      AC: 15    Str: 28    XL:     9   Next: 78%
Magic:  12/12      EV:  8    Int: 10    God:    Makhleb [*.....]
Gold:   422        SH: 11    Dex: 10    Spells: 8/8 levels left

rFire   . . .      SeeInvis +   a - +0 war axe
rCold   . . .      Faith    .   c - +0 buckler
rNeg    . . .      Spirit   .   s - +0 chain mail
rPois   .          Reflect  +   (helmet unavailable)
rElec   .          Harm     .   (no cloak)
rCorr   .          Rampage  .   i - +0 pair of gloves
Will    .....                   (no boots)
Stlth   ..........              m - amulet of reflection
HPRegen 0.22/turn               p - +4 ring of protection
MPRegen 0.13/turn               v - +6 ring of strength

@: studying 2 skills
A: permanent stasis, dig shafts and tunnels, antennae 3, four strong arms
a: Dig, Shaft Self, Renounce Religion


You were on level 7 of the Dungeon.
You worshipped Makhleb.
Makhleb was aware of your devotion.
You visited 2 branches of the dungeon, and saw 9 of its levels.

You collected 422 gold pieces.

Inventory:

Hand Weapons
 a - a +0 war axe (weapon)
 w - a +0 short sword
 x - a +0 vorpal hand axe
Missiles
 n - 39 poisoned darts
 F - a throwing net
Armour
 b - a +0 pair of boots
 c - a +0 buckler (worn)
 i - a +0 pair of gloves (worn)
 s - a +0 chain mail (worn)
 C - a +0 tower shield
Jewellery
 m - an amulet of reflection (around neck)
 p - a +4 ring of protection (left hand)
 v - a +6 ring of strength (right hand)
 z - the ring "Buxuk" {rC++ SInv}
   (You found it on level 5 of the Dungeon)

   [ring of see invisible]

   rC:        It greatly protects you from cold.
   SInv:      It lets you see invisible.
Wands
 d - a wand of flame (15)
Scrolls
 e - a scroll of fear
 g - 5 scrolls of teleportation
 j - a scroll of torment {unknown}
 k - a scroll of summoning {unknown}
 l - 2 scrolls of immolation
 r - a scroll of magic mapping
 u - 2 scrolls of fog {unknown}
 y - a scroll of noise {unknown}
 E - a scroll of amnesia {unknown}
 H - a scroll of blinking {unknown}
 I - 2 scrolls of enchant armour {unknown}
 K - a scroll of silence {unknown}
Potions
 f - a potion of heal wounds
 h - 2 potions of flight
 o - 2 potions of attraction
 q - a potion of brilliance
 t - a potion of magic {unknown}
 A - a potion of berserk rage {unknown}
 B - a potion of ambrosia {unknown}
 D - a potion of mutation {unknown}
 G - 2 potions of haste {unknown}
 J - a potion of curing {unknown}


   Skills:
 + Level 7.7 Fighting
 + Level 10.9 Axes
 - Level 5.0 Armour
 * Level 8.8 Shields
 * Level 4.3 Invocations


You had 8 spell levels left.
You didn't know any spells.
Your spell library contained the following spells:

 Spells                   Type           Power      Damage    Failure   Level
 Magic Dart               Conj           0%         1d3       90%         1
 Call Imp                 Summ           0%         N/A       97%         2
 Passwall                 Tmut/Erth      0%         N/A       97%         2
 Mephitic Cloud           Conj/Pois/Air  0%         N/A       99%         3
 Summon Lightning Spire   Summ/Air       0%         N/A       100%        4
 Invisibility             Hex            0%         N/A       100%        6
 Storm Form               Tmut/Air       0%         N/A       100%        7
 Swiftness                Air            Unusable   N/A       N/A         3

Dungeon Overview and Level Annotations

Branches:
Dungeon (8/15)             Temple (1/1) D:5
   Lair: D:8-11

Altars:
Cheibriados
Dithmenos
Elyvilon
Fedhas
Gozag
Hepliaklqana
Kikubaaqudgha
Makhleb
Nemelex Xobeh
Okawaru
Qazlal
Ru
Trog
Uskayaw
Vehumet
Wu Jian
Yredelemnul
Zin

Annotations:
D:2 1 runed translucent door, Crazy Yiuf
D:7 Joseph


Innate Abilities, Weirdness & Mutations

You cannot be hasted, slowed, berserked, paralysed or teleported.
You can dig through walls and to a lower floor.
You have a pair of large antennae on your head. (SInv)
Your four strong arms can wield two-handed weapons with a shield.


Message History

The sling bullet freezes you.
You climb downwards.
There is a stone staircase leading up here.
You start resting.
HP restored.
An acid dragon comes into view.
Found a leather armour.
The acid dragon roars!
The acid dragon spits acid at you. The splash of acid hits you!!
The acid dragon spits acid at you. The splash of acid hits you!!
Okay, then.
You extend your mandibles.
You dig through the rock wall.
You dig through the rock wall.
You retract your mandibles.
You extend your mandibles.
You dig through the rock wall.
The acid dragon spits acid at you. The splash of acid hits you!
The acid corrodes you!
You dig through the rock wall.
You dig through the rock wall.
You dig through the rock wall.
You dig through the rock wall.
You dig through the rock wall.
You retract your mandibles.
There is a stone staircase leading up here.
You are no longer corroded.
You climb upwards.
Level annotation: Joseph Joseph shoots a sling bullet.
The sling bullet hits you!!
* * * LOW HITPOINT WARNING * * *
The sling bullet freezes you.
* * * LOW HITPOINT WARNING * * *
Joseph shoots a sling bullet.
The sling bullet hits you but does no damage.
There is a stone staircase leading down, spattered with blood here.
Joseph shoots a sling bullet.
The sling bullet hits you.
You die...

*,*************
#..,,,,,,,,,,,*
#.#**********,* #.# *,*
#.# *,# #.###########.#
#.#...........#
########.#.####.#.####
#....@.....@......?...
#.######.#.......#@###
****+*****#.######..#.#
*,,,,,,,,,#......#..#(#
*,,,,,,,,,+..###.#..#.#
*,,,,,,,,,##.# *,#..#.#
*,,,,,,,,,*#.# *,#..#?#
*,,,,,,,,,*#.# *,#..#,*
*,,,,,,,,,*#.# *,*,,,,*


You could see Joseph.

Vanquished Creatures
  Prince Ribbit (D:7)
  A shadow (D:5)
  Duvessa (D:6)
  A water moccasin (D:7)
  A black bear (D:4)
  A sky beast (D:6)
  2 ogres (D:5)
  2 necrophages
  A centaur (D:5)
  A water moccasin zombie (D:5)
  A wyvern skeleton (D:6)
  Dowan (D:6)
  A water moccasin skeleton (D:5)
  4 wights
  2 howler monkeys
  A jelly (D:6)
  4 hounds
  4 orc priests
  A bullfrog skeleton (D:6)
  A centaur skeleton (D:4)
  3 iguanas
  7 orc wizards
  7 gnolls
  6 adders
  2 river rats (D:4)
  An ufetubus (D:6)
  An adder skeleton (D:5)
  24 orcs
  4 bats
  2 endoplasms (D:4)
  3 giant cockroaches
  13 goblins
  4 hobgoblins
  2 jackals (D:4)
  2 quokkas (D:4)
  8 ball pythons
  3 frilled lizards
  9 kobolds
  8 rats
141 creatures vanquished.

Notes
Turn   | Place    | Note
-------+----------+-------------------------------------------
     0 | D:1      | MacCMillion the Formicid Fighter began the quest for the
                  | Orb.
     0 | D:1      | Reached XP level 1. HP: 18/18 MP: 1/1
   129 | D:1      | Reached XP level 2. HP: 20/24 MP: 2/2
   434 | D:1      | Reached XP level 3. HP: 29/29 MP: 3/3
   984 | D:2      | Reached XP level 4. HP: 28/37 MP: 4/4
  1257 | D:2      | Found a runed translucent door.
  1258 | D:2      | Noticed Crazy Yiuf
  1602 | D:3      | Reached skill level 3 in Axes
  1617 | D:3      | Reached XP level 5. HP: 36/42 MP: 5/5
  1732 | D:3      | Found a hazy altar of Hepliaklqana.
  1989 | D:3      | Got the Almanac of Weightlessness
  2154 | D:4      | Identified 2 scrolls of acquirement
  2154 | D:4      | Acquired a manual of Fighting
  2155 | D:4      | Acquired a manual of Axes
  2359 | D:4      | Reached skill level 4 in Axes
  2359 | D:4      | Reached XP level 6. HP: 30/49 MP: 6/6
  2379 | D:5      | Entered Level 5 of the Dungeon
  2487 | D:5      | Noticed a necrophage
  2667 | D:4      | Reached skill level 5 in Shields
  2877 | D:4      | Reached skill level 5 in Fighting
  2877 | D:4      | Reached skill level 5 in Axes
  3009 | D:4      | Reached XP level 7. HP: 52/56 MP: 7/7
  3132 | D:4      | Found a stormy altar of Qazlal.
  3407 | D:5      | Found a staircase to the Ecumenical Temple.
  3415 | D:5      | Noticed a shadow
  3550 | D:5      | Reached skill level 6 in Axes
  3550 | D:5      | Reached skill level 5 in Armour
  3718 | Temple   | Entered the Ecumenical Temple
  3783 | Temple   | Became a worshipper of Makhleb the Destroyer
  3980 | D:5      | Reached skill level 7 in Axes
  4229 | D:5      | Reached skill level 8 in Axes
  4229 | D:5      | Reached XP level 8. HP: 38/62 MP: 8/8
  4363 | D:5      | Identified the ring "Buxuk" {rC++ SInv}
  4641 | D:5      | Reached skill level 9 in Axes
  4864 | D:5      | Killed a shadow
  5236 | D:6      | Noticed Duvessa
  5236 | D:6      | Noticed Dowan
  5247 | D:6      | Killed Duvessa
  5248 | D:6      | Reached skill level 10 in Axes
  5248 | D:6      | Reached XP level 9. HP: 63/70 MP: 9/9
  5294 | D:6      | Killed Dowan
  5314 | D:6      | Found a blossoming altar of Fedhas.
  5314 | D:6      | Found an iron altar of Okawaru.
  5318 | D:6      | Found an ornate altar of the Wu Jian Council.
  5388 | D:6      | Reached skill level 1 in Invocations
  5884 | D:7      | Found a radiant altar of Vehumet.
  5886 | D:7      | Noticed Prince Ribbit
  5898 | D:7      | Killed Prince Ribbit
  5975 | D:7      | Reached * piety under Makhleb
  6517 | D:7      | Noticed Joseph
  6813 | D:7      | Shot with a sling bullet by Joseph

Illustrated notes

Levels and vault maps discovered:
D:1:      mrwooster_arrival_statue_3, layout_rooms
D:2:      layout_basic, minmay_misc_feat_rows, minmay_crystal_room,
          uniq_crazy_yiuf_cottage
D:3:      layout_rooms, mainiacjoe_overflow_paths, minmay_misc_feat_chi,
          minmay_vboxes
D:4:      cheibrodos_helix_gallery, layout_basic, kennysheep_mini_moat,
          gup_sewer_entry_bubbles
D:5:      layout_loops_corners, minmay_temple_entry_mist
D:6:      layout_cave_pools, minitemple, kennysheep_generic_room_14,
          uniq_duvessa
D:7:      layout_basic, amcnicky_altar_gilded, minivault_19, uniq_joseph,
          uniq_harold, uniq_prince_ribbit1
D:8:      layout_basic, mainiacjoe_overflow_24_doors, serial_aquarium,
          aquarium_bridge_square [aquarium_subvault_window,
          aquarium_subvault_bridge, aquarium_subvault_bridge,
          aquarium_subvault_window], aquarium_bridge_square
          [aquarium_subvault_bridge, aquarium_subvault_window,
          aquarium_subvault_bridge, aquarium_subvault_bridge],
          aquarium_window_double, aquarium_window_1, aquarium_view_2a,
          aquarium_view_2c, aquarium_balcony_3b, aquarium_pool_corner,
          kennysheep_windowed_goal
Temple:   minmay_temple_bridge_abc

Skill      XL: |  1  2  3  4  5  6  7  8  9 |
---------------+----------------------------+-----
Shields        | 4 5 6 7 8 |  8.8
Armour         | 4 5 |  5.0
Axes           | 3 4 5 8 10 | 10.9
Fighting       | 4 5 6 7 |  7.7
Invocations    | 4 |  4.3

Action                   |  1- 3 |  4- 6 |  7- 9 || total
-------------------------+-------+-------+-------++-------
Melee: War axe           |    99 |   173 |   238 ||   510
 Abil: Dig               |       |       |     2 ||     2
  Use: Scroll            |       |     4 |     6 ||    10
       Potion            |       |       |     2 ||     2
Armor: Scale mail        |    45 |     3 |       ||    48
       Chain mail        |       |    97 |   108 ||   205
Dodge: Dodged            |    47 |    57 |    53 ||   157
Block: Buckler           |    42 |   109 |   141 ||   292
       Reflection        |       |     2 |     5 ||     7

Table legend: (Time is in decaauts)
 A = Elapsed time spent in this place.
 B = Non-inter-level travel time spent in this place.
 C = Inter-level travel time spent in this place.
 D = Time resting spent in this place.
 E = Time spent auto-exploring this place.
 F = Levels seen in this place.
 G = Mean time per level.
                   A        B        C        D        E       F      G
               +--------+--------+--------+--------+--------+-----+--------+
         Total |   6953 |   6791 |    162 |   1083 |   3997 |   9 |  772.6 |
       Dungeon |   6731 |   6591 |    140 |   1083 |   3811 |   8 |  841.4 |
        Temple |    221 |    199 |     22 |      0 |    186 |   1 |  221.0 |
               +--------+--------+--------+--------+--------+-----+--------+

Top non-repeatable levels by time:
     D:5: 1758 daAuts
     D:4: 1217 daAuts
     D:2: 878 daAuts
     D:6: 840 daAuts
     D:3: 700 daAuts
     D:1: 627 daAuts
     D:7: 427 daAuts
     D:8: 281 daAuts
  Temple: 221 daAuts
